 Dungeon Crawl Stone Soup version 0.24.0-123-gd5b16e6ec5 (webtiles) character file.

Game seed: 10575590153444292107, levelgen mode: deterministic

2576 Delamore the Severer (level 9, -3/105 HPs)
             Began as a Hill Orc Fighter on Dec 22, 2019.
             Was a Follower of Okawaru.
             Slain by a killer bee (5 damage)
             ... on level 6 of the Dungeon.
             The game lasted 00:08:07 (5777 turns).

Delamore the Severer (Hill Orc Fighter)             Turns: 5777, Time: 00:08:07

Health: -3/105     AC: 14    Str: 27    XL:     9   Next: 57%
Magic:  9/9        EV:  2    Int: 13    God:    Okawaru [*.....]
Gold:   306        SH: 11    Dex: 10    Spells: 8/8 levels left

rFire    + + .     SeeInvis +   t - +0 hand axe (elec)
rCold    + + .     Gourm    .   c - +1 shield
rNeg     . . .     Faith    .   a - +1 gold dragon scales
rPois    +         Spirit   .   (no helmet)
rElec    .         Reflect  .   r - scarf {rC+ rF+}
rCorr    .         Harm     .   (no gloves)
MR       .....                  (no boots)
Stlth    ..........             (no amulet)
HPRegen  0.27/turn              p - ring of flight
MPRegen  0.11/turn              x - ring of see invisible

@: mighty, brilliant, berserking, very slightly contaminated, invisible, very
quick
A: no striking features
a: Heroism, Renounce Religion, Evoke Flight


You were on level 6 of the Dungeon.
You worshipped Okawaru.
Okawaru was aware of your devotion.
You were not hungry.

You visited 2 branches of the dungeon, and saw 7 of its levels.

You collected 306 gold pieces.

Inventory:

Hand Weapons
 q - a +2 antimagic hand axe
 t - a +0 hand axe of electrocution (weapon)
Missiles
 i - 4 silver javelins (quivered)
Armour
 a - +1 gold dragon scales (worn)
 b - a +0 scale mail
 c - a +1 shield (worn)
 r - a scarf of resistance (worn)
Jewellery
 p - a ring of flight (left hand)
 s - an uncursed amulet of harm
 x - a ring of see invisible (right hand)
Wands
 w - a wand of random effects (14)
Scrolls
 e - 4 scrolls of remove curse
 j - 2 scrolls of teleportation
 k - 3 scrolls of identify {unknown}
 l - a scroll of blinking {unknown}
 o - a scroll of magic mapping {unknown}
 y - a scroll of torment {unknown}
Potions
 h - 3 potions of curing
 u - 2 potions of heal wounds {unknown}
 v - a potion of cancellation
Comestibles
 f - 4 rations
 z - 2 chunks of flesh


   Skills:
 - Level 3.6 Fighting
 + Level 15.6 Axes
 - Level 3.2 Armour
 - Level 3.2 Shields


You had 8 spell levels left.
You didn't know any spells.
Your spell library was empty.

Dungeon Overview and Level Annotations

Branches:
Dungeon (6/15)             Temple (1/1) D:5

Altars:
Cheibriados
Dithmenos
Elyvilon
Fedhas
Gozag
Hepliaklqana
Kikubaaqudgha
Makhleb
Nemelex Xobeh
Okawaru
Qazlal
Ru
Sif Muna
Trog
Uskayaw
Vehumet
Xom
Yredelemnul
Zin
The Shining One

Annotations:
D:6 3 transporters


Message History

Lightning courses through the queen bee!
You kill the queen bee!
Okawaru accepts your kill.
Your Axes skill increases to level 15!
You hit Sondor's ghost.
Lightning courses through Sondor's ghost!
You slash the killer bee!
The killer bee stings you but does no damage. x2
Sondor's ghost hits you but does no damage.
You miss the killer bee.
The killer bee is severely wounded.
You catch the helpless killer bee completely off-guard!
You slash the killer bee! You hit Sondor's ghost.
Lightning courses through Sondor's ghost!!
You destroy Sondor's ghost!
Okawaru is honoured by your kill. The killer bee stings you.
* * * LOW HITPOINT WARNING * * *
The killer bee stings you.
You die...

..# #.####### ###
#.......##### #
#...........## #
######...###.###..##
####.......#########..#
#.........###%###.###.#
#.##.####.##...#..%##.#
..##.# #.##.###.#.##.#
..##)# #.##.!.#@yy##.#
..##.## #.#.#.#†#y#.#.#
..#...###.#y.#...#..#.##
.......#.©#yy#.#.#.©#©.#
..#.......#y.#...#..#..#
...###.##.#W#.#W#.#.#..#
..## ##.#.##...#...##..#
..# #.#.##.#.#.####..#
..## ##...##...#...##†.#


You could see 3 killer bees.

Vanquished Creatures
  The ghost of Sondor the Slasher, a novice DsFi of Okawaru (D:6)
  A queen bee (D:6)
  2 steam dragons (D:6)
  A sky beast (D:5)
  A phantom (D:4)
  3 ogres
  A water moccasin skeleton (D:6)
  2 killer bees (D:6)
  7 scorpions
  A vampire bat (D:4)
  A bullfrog skeleton (D:6)
  2 hounds (D:5)
  3 orc priests
  2 orc wizards
  Jessica (D:3)
  An iguana (D:5)
  8 worker ants
  A worker ant zombie (D:5)
  11 adders
  A shadow imp (D:5)
  An adder zombie (D:5)
  An adder skeleton (D:4)
  2 worms
  5 dart slugs
  2 leopard geckos
  21 orcs
  12 bats
  A bat skeleton (D:4)
  3 bat zombies (D:4)
  4 giant cockroaches
  8 goblins
  8 hobgoblins
  19 jackals
  13 kobolds
  3 quokkas
  A ball python (D:3)
  3 frilled lizards
  9 rats
167 creatures vanquished.

Vanquished Creatures (others)
  22 fungi (D:4)
22 creatures vanquished.

Grand Total: 189 creatures vanquished

Notes
Turn   | Place    | Note
-------+----------+-------------------------------------------
     0 | D:1      | Delamore the Hill Orc Fighter began the quest for the Orb.
     0 | D:1      | Reached XP level 1. HP: 19/19 MP: 1/1
    50 | D:1      | Reached skill level 3 in Axes
    76 | D:1      | Reached XP level 2. HP: 26/26 MP: 2/2
    91 | D:1      | Reached skill level 4 in Axes
   231 | D:1      | Reached XP level 3. HP: 29/31 MP: 3/3
   603 | D:2      | Reached skill level 5 in Axes
   902 | D:2      | Reached XP level 4. HP: 8/39 MP: 4/4
  1240 | D:2      | Found a sparkling altar of Nemelex Xobeh.
  1272 | D:3      | Noticed Jessica
  1274 | D:3      | Killed Jessica
  1274 | D:3      | Reached skill level 6 in Axes
  1290 | D:3      | Reached XP level 5. HP: 34/45 MP: 5/5
  1367 | D:3      | Reached skill level 7 in Axes
  2241 | D:3      | Reached skill level 8 in Axes
  2288 | D:3      | Reached XP level 6. HP: 51/51 MP: 6/6
  2684 | D:4      | Found a hazy altar of Hepliaklqana.
  2855 | D:4      | Reached skill level 9 in Axes
  2888 | D:4      | Noticed a phantom
  2895 | D:4      | Killed a phantom
  2895 | D:4      | Reached XP level 7. HP: 48/57 MP: 3/7
  2945 | D:4      | Found an ancient bone altar of Kikubaaqudgha.
  2971 | D:4      | Reached skill level 10 in Axes
  3584 | D:4      | Reached skill level 11 in Axes
  3831 | D:4      | Reached XP level 8. HP: 64/64 MP: 8/8
  3896 | D:5      | Entered Level 5 of the Dungeon
  4009 | D:5      | Reached skill level 12 in Axes
  4061 | D:5      | Found a shadowy altar of Dithmenos.
  4198 | D:5      | Found a staircase to the Ecumenical Temple.
  4214 | Temple   | Entered the Ecumenical Temple
  4424 | Temple   | Became a worshipper of Warmaster Okawaru
  4848 | D:5      | Reached skill level 13 in Axes
  5092 | D:6      | Reached skill level 14 in Axes
  5092 | D:6      | Reached XP level 9. HP: 62/70 MP: 9/9
  5348 | D:6      | Found a hide-covered altar of Uskayaw.
  5348 | D:6      | Found a glowing golden altar of the Shining One.
  5348 | D:6      | Found a bloodstained altar of Trog.
  5350 | D:6      | Noticed an orc knight
  5352 | D:6      | Found a transporter.
  5367 | D:6      | Found a transporter.
  5400 | D:6      | Noticed a queen bee
  5421 | D:6      | Found a transporter.
  5423 | D:6      | Noticed Sondor's ghost (novice DsFi)
  5473 | D:6      | Reached * piety under Okawaru
  5545 | D:6      | Found a transporter.
  5772 | D:6      | HP: 3/105 [killer bee (3)]
  5776 | D:6      | Killed a queen bee
  5776 | D:6      | Reached skill level 15 in Axes
  5777 | D:6      | Killed Sondor's ghost
  5777 | D:6      | HP: 2/105 [killer bee (1)]
  5777 | D:6      | Slain by a killer bee

Levels and vault maps discovered:
D:1:      dpeg_arrival_chase, layout_basic
D:2:      layout_rooms, marbit_many_paths, kennysheep_cross_room,
          eino_tiny_chamber, minmay_misc_feat_square
D:3:      layout_rooms, first_ration, uniq_jessica
D:4:      old_forge, layout_basic, lemuel_coloured_pillars_altar,
          kennysheep_vampire_church
D:5:      layout_basic, minmay_temple_entry_sparse_star, basic_altar
D:6:      cheibrodos_steamvent, layout_loops_ring,
          nicolae_overflow_hidden_temple, gammafunk_temple_overflow_arena,
          gammafunk_ghost_hive
Temple:   eino_temple_water

Skill      XL: |  1  2  3  4  5  6  7  8  9 |
---------------+----------------------------+-----
Axes           | 3 4 5 6 8 9 11 14 15 | 15.6
Fighting       | |  3.6
Armour         | |  3.2
Shields        | |  3.2

Action                   |  1- 3 |  4- 6 |  7- 9 || total
-------------------------+-------+-------+-------++-------
Melee: War axe           |   122 |   136 |       ||   258
       Hand axe          |       |    15 |   281 ||   296
Throw: Javelin           |       |     4 |       ||     4
  Use: Potion            |       |     6 |     5 ||    11
       Scroll            |       |     4 |     1 ||     5
 Stab: Invisible         |       |       |     2 ||     2
  Eat: Chunk             |       |     7 |     9 ||    16
Armor: Scale mail        |    56 |    63 |    14 ||   133
       Skin              |       |    15 |       ||    15
       Gold dragon scale |       |       |   145 ||   145
Dodge: Dodged            |    37 |    44 |    25 ||   106
Block: Shield            |    53 |    95 |   121 ||   269
